AoeStats
← Iamak3186

Arabia

503129457Analyzed
1v1 RM · 1mo ago on Aug 30, 2026· 36m 40s· 2 players
Game mode
Random Map
Map size
Tiny (2 player)
Population
200
Speed
Normal
Resources
Standard
Victory
Conquest
Starting age
Dark Age
Ending age
Imperial Age
RankedLock teamsTeams togetherTeam positionsShared explorationLock speedFull tech treeHidden civsTurbo modeCheats
Victory
Defeat
🇻🇪 Poles · Venezuela
1334
+15
🇮🇳 Mongols · India
1302
-15
Iamak3186
5:26 Loom
8:15 Feudal Age
9:09 Double-Bit Axe
16:50 Horse Collar
20:16 Castle Age
19:22 Bloodlines
19:04 Fletching
19:56 Gold Mining
21:15 Bodkin Arrow
21:40 Bow Saw
28:15 Wheelbarrow
28:06 Ballistics
28:25 Heavy Plow
31:13 Scale Barding Armor
31:26 Husbandry
32:39 Gold Shaft Mining
32:43 Chain Barding Armor
34:31 Forging
34:12 Light Cavalry
GokoshiJr
5:32 Loom
9:00 Feudal Age
9:31 Double-Bit Axe
20:34 Castle Age
18:58 Gold Mining
20:02 Scale Barding Armor
20:10 Forging
19:53 Horse Collar
20:48 Bloodlines
21:49 Husbandry
22:26 Bow Saw
24:15 Scale Barding Armor
27:11 Chain Barding Armor
31:10 Sanctity
32:02 Iron Casting
36:10 Imperial Age
34:18 Stone Mining
35:46 Wheelbarrow
Connection lost

Rejoining the realm…

Still unreachable

The connection could not be restored.

Session expired

The server has moved on; the page needs a fresh start.